 Dungeon Crawl Stone Soup version 0.23.2-40-g277498a001 (webtiles) character file.

Game seed: 1711429203913461047

6463 Amplified the Fighter (level 10, -3/82 HPs)
             Began as a Demonspawn Air Elementalist on Sept 5, 2019.
             Was a Priest of Makhleb.
             Slain by a killer bee (10 damage)
             ... on level 9 of the Dungeon.
             The game lasted 00:30:21 (16615 turns).

Amplified the Fighter (DsAE)                       Turns: 16615, Time: 00:30:22

Health: -3/82      AC:  8    Str: 12    XL:     10   Next: 68%
Magic:  14/17      EV: 14    Int: 14    God:    Makhleb [***...]
Gold:   91         SH:  2    Dex: 18    Spells: 8/19 levels left

rFire    + . .     SeeInvis .   b - +2 quarterstaff (flame)
rCold    + . .     Gourm    .   (shield currently unavailable)
rNeg     + . .     Faith    .   v - +2 robe {MR+}
rPois    .         Spirit   .   (no helmet)
rElec    +         Reflect  +   t - +0 cloak
rCorr    .         Harm     .   h - +0 pair of gloves
MR       ++...                  k - +0 pair of boots
Stlth    ++++......             w - amulet "Huschij" {Reflect +Fly rElec rN+ MR+ SH+2}
HPRegen  0.23/turn              g - ring of protection from cold
MPRegen  0.15/turn              j - +5 ring of slaying

@: lethally poisoned (-3 -> -12), very slightly contaminated
A: claws 1, hooves 1, thin skeletal structure 2, dopey 1, fire resistance 1,
nightstalker 1, evolution 1
a: Minor Destruction, Lesser Servant of Makhleb, Renounce Religion, Evoke Flight


You were on level 9 of the Dungeon.
You worshipped Makhleb.
Makhleb was most pleased with you.
You were not hungry.

You visited 2 branches of the dungeon, and saw 11 of its levels.

You collected 525 gold pieces.
You spent 434 gold pieces at shops.

Inventory:

Hand Weapons
 b - a +2 quarterstaff of flaming (weapon)
 d - a +0 club
Armour
 e - a +0 crystal plate armour
 h - a +0 pair of gloves (worn)
 k - a +0 pair of boots (worn)
 t - a +0 cloak (worn)
 v - a +2 robe of magic resistance (worn)
Magical Staves
 p - an uncursed staff of wizardry
Jewellery
 f - an uncursed ring of flight
 g - a ring of protection from cold (left hand)
 j - a +5 ring of slaying (right hand)
 m - an uncursed ring of see invisible
 w - the amulet "Huschij" (around neck) {Reflect +Fly rElec rN+ MR+ SH+2}
   (You bought it in a shop on level 7 of the Dungeon)

   [amulet of reflection]

   It shields you and reflects attacks.
   It insulates you from electricity.
   It protects you from negative energy.
   It affects your resistance to hostile enchantments.
   It lets you fly.
   It affects your SH (+2).
 y - an uncursed ring of magical power
Wands
 i - a wand of paralysis (9)
Scrolls
 l - a scroll of summoning
 q - 2 scrolls of fog
 s - 6 scrolls of magic mapping
 u - 4 scrolls of identify
 z - 2 scrolls of teleportation
 A - 2 scrolls of remove curse
Potions
 a - a potion of brilliance
 o - a potion of cancellation
 r - a potion of ambrosia
 B - a potion of flight
Comestibles
 c - 11 rations


   Skills:
 + Level 8.9 Fighting
 - Level 3.0(5.5) Maces & Flails
 + Level 7.2(7.5) Staves
 - Level 6.1 Armour
 * Level 3.4 Dodging
 - Level 1.7 Stealth
 - Level 5.1 Spellcasting
 - Level 1.0 Conjurations
 - Level 5.2 Air Magic


You had 8 spell levels left.
You knew the following spells:

 Your Spells              Type           Power        Failure   Level  Hunger
a - Shock                 Conj/Air       ##..         4%          1    None
b - Swiftness             Chrm/Air       ##......     9%          2    ##.....
c - Mephitic Cloud        Conj/Pois/Air  #.......     22%         3    ###....
d - Blink                 Tloc           N/A          26%         2    ##.....
e - Ozocubu's Armour      Chrm/Ice       #.......     45%         3    ###....

Your spell library contained the following spells:

 Spells                   Type           Power        Failure   Level  Hunger
 Magic Dart               Conj           #...         12%         1    None
 Static Discharge         Conj/Air       ##......     14%         3    ###....
 Freeze                   Ice            #...         17%         1    None
 Airstrike                Air            ###.......   21%         4    ####...
 Throw Frost              Conj/Ice       #.....       22%         2    ##.....
 Call Imp                 Summ           #.......     26%         2    ##.....
 Slow                     Hex            #.......     26%         2    ##.....
 Conjure Flame            Conj/Fire      #.......     38%         3    ###....
 Lightning Bolt           Conj/Air       ##........   78%         5    ######.
 Throw Icicle             Conj/Ice       #.......     80%         4    ####...
 Summon Ice Beast         Ice/Summ       #.......     86%         4    ####...


Dungeon Overview and Level Annotations

Branches:
Dungeon (10/15)            Temple (1/1) D:7            Lair (0/6) D:9
    Orc: D:9-12

Altars:
Ashenzari
Cheibriados
Dithmenos
Elyvilon
Fedhas
Gozag
Hepliaklqana
Kikubaaqudgha
Makhleb
Nemelex Xobeh
Okawaru
Qazlal
Ru
Sif Muna
Trog
Uskayaw
Vehumet
Wu Jian
Xom
Yredelemnul
Zin
The Shining One

Shops:
D:7 =   D:8 (   D:9 *

Annotations:
D:5 Edmund
D:8 Absolute Gold
D:9 3 runed translucent doors, Coltquelos's ghost, novice OpAs


Innate Abilities, Weirdness & Mutations

You have large cloven feet.
You have a moderately thin skeletal structure. (Dex +4, Stealth+)
Your flesh is heat resistant. (rF+)
You are slightly more attuned to the shadows.
You have sharp fingernails.
You are dopey. (Int -2)
You evolve.


Message History

Aiming: Shock (safe; 4% risk of failure)
Press: ? - help, Shift-Dir - straight line, f/p - killer bee
Aim: a killer bee (almost dead, berserk, fast, unusually strong)
The zap hits the killer bee.
The killer bee is almost dead.
You feel sick. The killer bee misses you. The killer bee stings you!
* * * LOW HITPOINT WARNING * * *
You are lethally poisoned!
The killer bee poisons you! The killer bee misses you.
Casting: Shock (safe; 4% risk of failure)
Confirm with . or Enter, or press ? or * to list all spells.
Aiming: Shock (safe; 4% risk of failure)
Press: ? - help, Shift-Dir - straight line, f/p - killer bee
Aim: a killer bee (almost dead, berserk, fast, unusually strong)
The zap hits the killer bee.
The killer bee is almost dead.
* * * LOW HITPOINT WARNING * * *
You feel sick. The killer bee misses you. The killer bee completely misses you.
The killer bee stings you!
You die...

#..#.## #.# #>.##.## # #..#.#
#.# #..##.# # #....# #.#
##.##.#######*# #...## #.#
#.#..#.#.#.#.# #...# #.#
####.#.##.#Z....# #...#
####.###....#....+Z..)##
#...###...........#.#..+W..[.#
#..........#........##.+Z..(##
##..###.####.@......##.#)....#
#..# #.# #.y.....###.#.#.#.#
#..# #.# #.....### #######*#
#..###.####.....# #
#............#.## #
#..........#.#.## #
######.#...#>†..# #
#.#.#.###..# ######
#..###.....########.....


You could see a killer bee (berserk).

Vanquished Creatures
  An unseen horror (D:8)
  Psyche (D:9)
  4 hogs (D:7)
  A yak (D:9)
  A human (D:7)
  A soldier ant (D:10)
  A sky beast (D:9)
  An eye of draining (D:9)
  3 ice beasts
  4 orc warriors
  2 phantoms
  A necrophage (D:10)
  4 ogres
  2 centaurs
  2 bullfrogs
  A wyvern skeleton (D:7)
  26 killer bees
  6 wights
  A howler monkey (D:9)
  2 crimson imps (D:8)
  A bullfrog zombie (D:5)
  8 orc priests
  3 centaur skeletons
  6 hounds
  5 jellies
  7 orc wizards
  4 iguanas
  2 worker ants
  A hound zombie (D:6)
  2 hound skeletons
  8 gnolls
  2 howler monkey skeletons
  3 river rats (D:6)
  11 adders
  An adder skeleton (D:5)
  An adder zombie (D:5)
  7 worms
  3 dart slugs
  5 leopard geckos
  31 orcs
  3 ball pythons
  A giant cockroach (D:4)
  8 hobgoblins
  7 jackals
  6 quokkas
  5 bats
  11 frilled lizards
  12 goblins
  A kobold (D:2)
  A leopard gecko skeleton (D:4)
  2 quokka zombies (D:7)
  14 rats
247 creatures vanquished.

Vanquished Creatures (collateral kills)
  2 killer bees (D:10)
2 creatures vanquished.

Vanquished Creatures (others)
  A killer bee (D:10)
  An orc wizard (D:3)
  A quokka (D:8)
3 creatures vanquished.

Grand Total: 252 creatures vanquished

Notes
Turn   | Place    | Note
-------+----------+-------------------------------------------
     0 | D:1      | Amplified the Demonspawn Air Elementalist began the quest
                  | for the Orb.
     0 | D:1      | Reached XP level 1. HP: 13/13 MP: 3/3
   120 | D:1      | Reached skill level 1 in Fighting
   277 | D:1      | Gained mutation: You are slightly more attuned to the
                  | shadows. [demonic ancestry]
   277 | D:1      | Reached XP level 2. HP: 21/21 MP: 1/5
   462 | D:1      | Reached skill level 1 in Maces & Flails
  1085 | D:2      | Gained mutation: You can translocate small distances at
                  | will. [potion of mutation]
  1085 | D:2      | Gained mutation: Armour fits poorly on your strangely
                  | shaped body. [potion of mutation]
  1085 | D:2      | Gained mutation: Your mind is acute. (Int +2) [potion of
                  | mutation]
  1371 | D:2      | Reached XP level 3. HP: 25/27 MP: 4/6
  1381 | D:2      | Reached skill level 2 in Fighting
  2193 | D:2      | Found a bloodstained altar of Trog.
  2195 | D:2      | Found a glowing golden altar of the Shining One.
  2541 | D:3      | Found a shattered altar of Ashenzari.
  2545 | D:3      | Found a stormy altar of Qazlal.
  2554 | D:3      | Found an iron altar of Okawaru.
  2557 | D:3      | Found a white marble altar of Elyvilon.
  2571 | D:3      | Found a sacrificial altar of Ru.
  2765 | D:3      | Reached XP level 4. HP: 21/34 MP: 0/7
  2886 | D:3      | Learned a level 2 spell: Swiftness
  3274 | D:3      | Found a deep blue altar of Sif Muna.
  3626 | D:4      | Found a blossoming altar of Fedhas.
  4352 | D:4      | Found an opulent altar of Gozag.
  4528 | D:4      | Reached skill level 3 in Fighting
  4607 | D:4      | Reached XP level 5. HP: 41/41 MP: 4/8
  4771 | D:5      | Entered Level 5 of the Dungeon
  5048 | D:5      | Found a shimmering altar of Xom.
  5067 | D:5      | Learned a level 3 spell: Mephitic Cloud
  5082 | D:5      | Paralysed by an orc for 2 turns
  5088 | D:5      | Paralysed by an orc for 2 turns
  5410 | D:5      | Noticed a phantom
  5431 | D:5      | Noticed Edmund
  5436 | D:5      | Noticed an ogre
  5527 | D:4      | Reached skill level 1 in Staves
  5710 | D:5      | Reached skill level 4 in Fighting
  5803 | D:6      | Noticed a phantom
  6057 | D:5      | Found a deep blue altar of Sif Muna.
  6093 | D:5      | Gained mutation: You have a somewhat thin skeletal
                  | structure. (Dex +2, Stealth) [demonic ancestry]
  6093 | D:5      | Reached XP level 6. HP: 29/48 MP: 9/9
  7309 | D:3      | Identified Sif Muna's Compendium of Damage Dealing
  7680 | D:6      | Reached skill level 5 in Fighting
  7680 | D:6      | Reached XP level 7. HP: 21/56 MP: 5/10
  8499 | D:6      | Reached skill level 6 in Fighting
  9049 | D:7      | Found a staircase to the Ecumenical Temple.
  9078 | Temple   | Entered the Ecumenical Temple
  9190 | Temple   | Became a worshipper of Makhleb the Destroyer
  9331 | D:7      | Learned a level 2 spell: Blink
  9390 | D:7      | Learned a level 3 spell: Ozocubu's Armour
  9415 | D:7      | Found Mistuopsa's Jewellery Shoppe.
  9442 | D:7      | Gained mutation: You have a moderately thin skeletal
                  | structure. (Dex +4, Stealth+) [demonic ancestry]
  9442 | D:7      | Reached XP level 8. HP: 55/64 MP: 9/12
 10275 | D:7      | Found a sparkling altar of Nemelex Xobeh.
 10655 | D:7      | Reached skill level 5 in Staves
 10664 | D:7      | Gained mutation: You have large cloven feet. [demonic
                  | ancestry]
 10664 | D:7      | Reached XP level 9. HP: 35/71 MP: 2/16
 10783 | D:7      | Reached * piety under Makhleb
 10785 | D:7      | Reached skill level 5 in Air Magic
 10920 | D:8      | Noticed an unseen horror
 11250 | D:8      | Reached skill level 7 in Fighting
 11250 | D:8      | Reached skill level 5 in Spellcasting
 11296 | D:8      | Found a white marble altar of Elyvilon.
 11478 | D:8      | Reached skill level 1 in Armour
 11632 | D:8      | Found Tugac's Weapon Shoppe.
 11736 | D:8      | Noticed a cyan ugly thing
 11934 | D:9      | Found Zakusty's General Store.
 12212 | D:10     | Entered Level 10 of the Dungeon
 12356 | D:10     | Noticed a two-headed ogre
 12398 | D:10     | Noticed a queen bee
 12574 | D:9      | Noticed Psyche
 12583 | D:9      | Killed Psyche
 13224 | D:9      | Reached skill level 8 in Fighting
 13405 | D:8      | Gained mutation: Your flesh is heat resistant. (rF+)
                  | [demonic ancestry]
 13405 | D:8      | Reached XP level 10. HP: 76/80 MP: 17/17
 13489 | D:7      | Bought the amulet "Huschij" {Reflect +Fly rElec rN+ MR+
                  | SH+2} for 434 gold pieces
 13559 | D:8      | Killed an unseen horror
 13559 | D:8      | Reached skill level 5 in Armour
 14223 | D:10     | Reached ** piety under Makhleb
 14673 | D:9      | Found a staircase to the Lair.
 14692 | D:9      | Noticed a spectral centaur warrior
 14693 | D:9      | Found a runed translucent gate.
 14693 | D:9      | Found a runed translucent gate.
 14693 | D:9      | Found a runed translucent gate.
 14696 | D:9      | Noticed Coltquelos's ghost (novice OpAs)
 14818 | D:9      | Found a hide-covered altar of Uskayaw.
 15918 | D:6      | Lost mutation: Your mind is acute. (Int +2) [potion of
                  | mutation]
 15918 | D:6      | Lost mutation: Armour fits poorly on your strangely shaped
                  | body. [potion of mutation]
 15918 | D:6      | Lost mutation: You can translocate small distances at will.
                  | [potion of mutation]
 15918 | D:6      | Gained mutation: You are dopey. (Int -2) [potion of
                  | mutation]
 15918 | D:6      | Gained mutation: You evolve. [potion of mutation]
 16384 | D:10     | Reached *** piety under Makhleb
 16587 | D:9      | Gained mutation: You have sharp fingernails. [evolution]
 16615 | D:9      | Slain by a killer bee

Skill      XL: |  1  2  3  4  5  6  7  8  9 10 |
---------------+-------------------------------+-----
Fighting       | 1 2 3 4 5 6 8 |  8.9
Maces & Flails | 1 2 3 |  3.0
Staves         | 1 3 4 5 6 7 |  7.2
Spellcasting   | 3 4 5 |  5.1
Air Magic      | 3 4 5 |  5.2
Armour         | 4 6 |  6.1
Dodging        | 3 |  3.4
Stealth        | |  1.7
Conjurations   | |  1.0

Action                   |  1- 3 |  4- 6 |  7- 9 | 10-12 || total
-------------------------+-------+-------+-------+-------++-------
Melee: Club              |    72 |   106 |       |       ||   178
       Quarterstaff      |       |   110 |   287 |   241 ||   638
 Cast: Shock             |    77 |    62 |    70 |     6 ||   215
       Swiftness         |       |     2 |     1 |       ||     3
       Mephitic Cloud    |       |     1 |    17 |     1 ||    19
       Blink             |       |       |     6 |       ||     6
       Ozocubu's Armour  |       |       |     1 |       ||     1
 Abil: Blink             |     1 |     4 |       |       ||     5
Evoke: Wand              |       |     9 |     8 |     7 ||    24
  Use: Scroll            |     9 |     9 |    13 |     6 ||    37
       Potion            |     4 |     6 |     4 |     3 ||    17
 Stab: Sleeping          |     1 |     4 |     7 |     4 ||    16
       Paralysed         |       |     3 |       |       ||     3
       Confused          |       |       |     5 |     4 ||     9
       Distracted        |       |       |     3 |       ||     3
       Invisible         |       |       |       |     2 ||     2
  Eat: Chunk             |     7 |     6 |    12 |     3 ||    28
       Ration            |       |     4 |     2 |     2 ||     8
Armor: Robe              |    12 |    72 |    61 |    58 ||   203
       Skin              |     6 |    14 |       |       ||    20
Dodge: Dodged            |    54 |   170 |   169 |   205 ||   598
Block: Other             |       |       |       |    19 ||    19
